 Dungeon Crawl Stone Soup version 0.26-a0-682-g294304f6e8 (console) character file.

Game seed: 3298411379695189158

15932 om the Apostle (level 12, 0/94 HPs)
             Began as a Hill Orc Fighter on Oct 20, 2020.
             Was a High Priest of Beogh.
             Slain by an orc warrior
             ... wielding a +0 battleaxe
             ... led by an orc warlord
              (8 damage)
             ... on level 2 of the Orcish Mines.
             The game lasted 00:26:16 (16088 turns).

om the Apostle (Hill Orc Fighter)                  Turns: 16088, Time: 00:26:17

Health: 0/94       AC: 13    Str: 24    XL:     12   Next: 32%
Magic:  24/24      EV: 11    Int:  8    God:    Beogh [*****.]
Gold:   910        SH: 11    Dex: 10    Spells: 11/11 levels left

rFire    . . .     SeeInvis .   r - +1 hand axe (elec)
rCold    . . .     Faith    .   c - +1 kite shield
rNeg     . . .     Spirit   .   g - +0 swamp dragon scales
rPois    +         Reflect  .   (no helmet)
rElec    .         Harm     .   (no cloak)
rCorr    .         Rampage  .   (no gloves)
MR       +....                  (no boots)
Stlth    ..........             (no amulet)
HPRegen  0.25/turn              e - ring of protection from magic
MPRegen  0.19/turn              y - +4 ring of protection

@: lightly drained
A: walk on water
a: Smiting, Recall Orcish Followers, Give Item to Named Follower, Renounce
Religion


You were on level 2 of the Orcish Mines.
You worshipped Beogh.
Beogh was extremely pleased with you.
You visited 3 branches of the dungeon, and saw 15 of its levels.

You collected 1144 gold pieces.
You spent 234 gold pieces at shops.

Inventory:

Hand Weapons
 r - a +1 hand axe of electrocution (weapon)
 D - a +1 vorpal trident
Armour
 c - a +1 kite shield (worn)
 g - +0 swamp dragon scales (worn)
Jewellery
 e - a ring of protection from magic (left hand)
 y - a +4 ring of protection (right hand)
 C - an uncursed ring of protection from cold
Wands
 j - a wand of polymorph (1)
 t - a wand of paralysis (9)
 x - a wand of flame (19)
 B - a wand of iceblast (8)
Scrolls
 a - 6 scrolls of teleportation
 b - 3 scrolls of amnesia
 f - 4 scrolls of enchant armour
 i - 11 scrolls of remove curse
 k - a scroll of immolation
 l - 4 scrolls of fog
 m - 5 scrolls of identify
 o - a scroll of silence
 p - 3 scrolls of blinking
 q - 2 scrolls of fear
 s - a scroll of magic mapping
 v - 5 scrolls of enchant weapon
 A - a scroll of torment
Potions
 d - 2 potions of might
 h - 4 potions of haste
 n - a potion of curing
 u - a potion of heal wounds
 w - 2 potions of stabbing
 z - 2 potions of magic


   Skills:
 - Level 5.0(4.4) Fighting
 - Level 8.0(7.4) Axes
 - Level 10.0(9.4) Armour
 - Level 5.0(4.4) Dodging
 - Level 6.0(5.4) Shields
 * Level 17.8(17.1) Invocations


You had 11 spell levels left.
You didn't know any spells.
Your spell library contained the following spells:

 Spells                   Type           Power        Failure   Level
 Animate Skeleton         Necr           #.....       91%         1
 Freeze                   Ice            #...         91%         1
 Pain                     Necr           #...         91%         1
 Frozen Ramparts          Ice            #.....       100%        3
 Ozocubu's Armour         Ice            #.......     100%        3
 Vampiric Draining        Necr           #.........   100%        3
 Animate Dead             Necr           #.........   100%        4
 Cause Fear               Hex            #.........   100%        4
 Hailstorm                Conj/Ice       #.......     100%        4
 Summon Ice Beast         Ice/Summ       #.......     100%        4
 Agony                    Necr           #.......     100%        5
 Bolt of Magma            Conj/Fire/Erth #.........   100%        5
 Iskenderun's Battlesphe  Conj           #.......     100%        5
 Silence                  Hex/Air        #.........   100%        5
 Yara's Violent Unravell  Hex/Tmut       #.........   100%        5
 Iron Shot                Conj/Erth      #.........   100%        6
 Orb of Destruction       Conj           #.........   100%        7
 Spellforged Servitor     Conj/Summ      #.........   100%        7
 Discord                  Hex            #.........   100%        8


Dungeon Overview and Level Annotations

Branches:
Dungeon (12/15)            Temple (0/1) D:4            Lair (1/6) D:10
    Orc (2/2) D:10            Elf (0/3) Orc:2

Altars:
Dithmenos
Elyvilon
Gozag
Hepliaklqana
Nemelex Xobeh
Okawaru
Qazlal
Ru
Trog
Vehumet
Xom
Yredelemnul
The Shining One

Shops:
D:7 ??}

Annotations:
Orc:1 exclusion: oklob plant
Orc:2 Nergalle, Urug


Message History

Lightning courses through Nergalle!
You hit the orc warrior but do no damage.
The orc sorcerer no longer looks unusually strong.
The orc high priest closely misses you.
Your orc warrior barely misses the orc warrior.
The spectral orc warrior hits Geork but does no damage.
The spectral orc warrior hits your orc priest with a +0 hand axe.
The spectral orc warrior hits your orc priest but does no damage.
The spectral orc warrior hits your orc warrior with a +0 hand axe.
Geork barely misses Nergalle.
Your orc warrior hits Nergalle with a +0 scimitar!
Your orc sorcerer hits the orc warlord with a +0 dagger.
Your orc warrior closely misses the orc warrior.
The orc priest misses your orc warrior.
The orc priest hits your orc warrior with a +0 hand axe.
The orc priest hits Blork the orc but does no damage.
The orc warrior hits Geork with a +0 battleaxe!!
The orc warrior hits you with a +0 battleaxe!
You die...
Beogh appreciates the orc warrior's killing of a heretic priest. ...o...... ooo[o)).

.ooo..)
#.o)..#
#..oo.#
#oo...#
###8oo.8# ##
#.#o@oo.#..#
#)oooo...#
##)Zo#..##
#..o..## ##
##.....#
##.##.##..##
#......####
##..#.##
#...##
##....#
#....###


You could see an orc warlord (strong), 2 orc knights, Urug (strong), Nergalle
(strong), an orc high priest (strong), a spectral orc warrior (summoned), an orc
sorcerer, 3 orc warriors, 2 orc priests, 2 orc wizards, an orc (strong), the
friendly Geork the orc knight, a friendly orc sorcerer (strong), the friendly
Blork the orc (strong), 4 friendly orc warriors and 2 friendly orc priests.

Vanquished Creatures
  A hydra (D:12)
  Harold (D:7)
  A two-headed ogre (D:11)
  A tengu warrior (D:11)
  An ugly thing (D:11)
  2 deep elf magi (D:12)
  A cyclops (D:11)
  A centaur zombie (D:10)
  Maggie (D:7)
  A komodo dragon (Lair:1)
  2 trolls
  A tengu conjurer (D:12)
  Prince Ribbit (D:5)
  A wraith (D:12)
  9 yaks (D:11)
  Eustachio (D:5)
  A steam dragon (D:11)
  3 sky beasts
  3 orc warriors
  3 ice beasts
  An eye of draining (D:11)
  6 ogres
  5 centaurs
  5 bullfrogs
  A wyvern zombie (D:12)
  A gnoll sergeant (D:7)
  3 scorpions
  2 water moccasin skeletons
  7 killer bees
  3 wights
  A howler monkey (D:10)
  A bullfrog zombie (D:11)
  5 hounds
  3 jellies
  6 orc priests
  A gnoll shaman (Orc:1)
  Jessica (D:2)
  5 iguanas
  8 worker ants
  4 orc wizards
  A killer bee zombie (D:5)
  2 hound skeletons
  A mummy (D:5)
  A howler monkey zombie (D:7)
  3 worker ant zombies
  16 gnolls
  A howler monkey skeleton (D:6)
  15 adders
  A white imp (D:5)
  3 ufetubi
  An ooze (D:7)
  2 adder zombies
  3 adder skeletons
  3 worms
  A dart slug (D:1)
  4 leopard geckos
  20 orcs
  2 ball pythons
  6 giant cockroaches
  4 goblins
  A hobgoblin (D:1)
  6 jackals
  6 kobolds
  4 quokkas
  2 bats
  2 frilled lizards
  2 hobgoblin zombies (D:5)
  A jackal skeleton (D:5)
  A kobold zombie (D:5)
  An orc zombie (D:5)
  A quokka zombie (D:6)
  13 rats
235 creatures vanquished.

Vanquished Creatures (collateral kills)
  An orc warlord (Orc:1)
  A hydra (Lair:1)
  An ugly thing (D:12)
  A centaur zombie (D:11)
  A komodo dragon (Lair:1)
  2 trolls
  A hornet (D:12)
  A wyvern (D:12)
  3 yaks (D:11)
  A basilisk (Lair:1)
  2 vampire mosquitoes (D:12)
  2 wargs (Orc:1)
  A soldier ant (D:12)
  A sky beast (D:10)
  2 ice beasts
  3 orc warriors
  An eye of draining (D:12)
  A phantom (D:12)
  A necrophage (D:11)
  An ogre (D:12)
  A bullfrog (D:9)
  A gnoll sergeant (D:11)
  A wyvern zombie (D:9)
  8 killer bees
  2 wights (D:10)
  A bullfrog zombie (D:7)
  2 hounds
  3 orc priests
  An iguana (D:11)
  3 orc wizards (Orc:1)
  A worker ant (D:7)
  4 adders
  5 gnolls
  A shadow imp (D:9)
  6 orcs (Orc:1)
  A quokka (D:9)
69 creatures vanquished.

Vanquished Creatures (others)
  An orc sorcerer (Orc:2)
  7 orc warriors
  7 orc priests
  A bullfrog (D:11)
  4 orc wizards
  18 orcs
  A kobold (D:3)
  A withered plant (D:9)
40 creatures vanquished.

Grand Total: 344 creatures vanquished

Notes
Turn   | Place    | Note
-------+----------+-------------------------------------------
     0 | D:1      | om the Hill Orc Fighter began the quest for the Orb.
     0 | D:1      | Reached XP level 1. HP: 19/19 MP: 1/1
   139 | D:1      | Reached XP level 2. HP: 24/27 MP: 2/2
   606 | D:2      | Noticed Jessica
   609 | D:2      | Reached XP level 3. HP: 28/33 MP: 3/3
   714 | D:2      | Found a hazy altar of Hepliaklqana.
   717 | D:2      | Killed Jessica
   786 | D:2      | Found a white marble altar of Elyvilon.
   848 | D:2      | Reached XP level 4. HP: 40/40 MP: 4/4
   889 | D:2      | Found an iron altar of Okawaru.
   993 | D:2      | Found a stormy altar of Qazlal.
   993 | D:2      | Found a sparkling altar of Nemelex Xobeh.
  1109 | D:2      | Found a shadowy altar of Dithmenos.
  1154 | D:2      | Found a glowing golden altar of the Shining One.
  1315 | D:3      | Became a worshipper of Beogh the Brigand
  1346 | D:3      | Reached skill level 5 in Axes
  1346 | D:3      | Reached XP level 5. HP: 20/46 MP: 5/5
  1885 | D:3      | Found a radiant altar of Vehumet.
  2413 | D:4      | Found a staircase to the Ecumenical Temple.
  2538 | D:4      | Reached XP level 6. HP: 42/52 MP: 6/6
  2659 | D:4      | Found a sacrificial altar of Ru.
  2682 | D:4      | Reached * piety under Beogh
  3149 | D:4      | Reached skill level 5 in Armour
  3149 | D:4      | Reached skill level 5 in Shields
  3499 | D:4      | Reached XP level 7. HP: 58/59 MP: 7/7
  3870 | D:5      | Entered Level 5 of the Dungeon
  4102 | D:5      | Noticed Prince Ribbit
  4117 | D:5      | Killed Prince Ribbit
  4117 | D:5      | Reached XP level 8. HP: 25/66 MP: 8/8
  4375 | D:5      | Reached ** piety under Beogh
  4390 | D:5      | Found an opulent altar of Gozag.
  4427 | D:5      | Noticed Eustachio
  4439 | D:5      | Killed Eustachio
  6254 | D:7      | Found Vesalaon's Gadget Shoppe.
  6312 | D:7      | Reached skill level 1 in Invocations
  6499 | D:7      | Reached skill level 1 in Dodging
  6629 | D:7      | Reached skill level 2 in Invocations
  6629 | D:7      | Reached XP level 9. HP: 63/71 MP: 10/10
  6703 | D:7      | Reached skill level 10 in Armour
  6703 | D:7      | Reached skill level 3 in Invocations
  6714 | D:7      | Noticed Maggie
  6734 | D:7      | Killed Maggie
  6734 | D:7      | Reached skill level 4 in Invocations
  6746 | D:7      | Reached *** piety under Beogh
  7199 | D:7      | Reached skill level 5 in Fighting
  7199 | D:7      | Reached skill level 5 in Invocations
  7497 | D:7      | Noticed Harold
  7511 | D:7      | Killed Harold
  7511 | D:7      | Reached skill level 6 in Invocations
  7511 | D:7      | Reached XP level 10. HP: 28/81 MP: 13/15
  7756 | D:7      | Reached skill level 7 in Invocations
  7908 | D:7      | Found Fatsuan's Magic Scroll Boutique.
  7911 | D:7      | Bought a scroll of identify for 30 gold pieces
  7911 | D:7      | Bought a scroll of identify for 30 gold pieces
  7911 | D:7      | Bought a scroll of identify for 30 gold pieces
  7939 | D:7      | Found Jeonelun's Magic Scroll Shop.
  7942 | D:7      | Bought a scroll of identify for 24 gold pieces
  7942 | D:7      | Bought a scroll of identify for 24 gold pieces
  7942 | D:7      | Bought a scroll of identify for 24 gold pieces
  7942 | D:7      | Bought a scroll of identify for 24 gold pieces
  7946 | D:7      | Bought a scroll of identify for 24 gold pieces
  7946 | D:7      | Bought a scroll of identify for 24 gold pieces
  8167 | D:7      | Found a shimmering altar of Xom.
  9077 | D:9      | Reached **** piety under Beogh
  9191 | D:9      | Found a basalt altar of Yredelemnul.
  9277 | D:9      | Reached skill level 5 in Dodging
  9277 | D:9      | Reached skill level 8 in Invocations
  9794 | D:9      | Found a bloodstained altar of Trog.
 10023 | D:9      | Reached skill level 9 in Invocations
 10172 | D:10     | Entered Level 10 of the Dungeon
 10195 | D:10     | Reached skill level 10 in Invocations
 10280 | D:10     | Found a staircase to the Orcish Mines.
 10378 | D:10     | Found a staircase to the Lair.
 10714 | D:11     | Reached skill level 11 in Invocations
 10796 | D:11     | Reached skill level 12 in Invocations
 11085 | D:11     | Reached XP level 11. HP: 86/86 MP: 20/20
 11232 | D:11     | Noticed a cyclops
 11246 | D:11     | Killed a cyclops
 11246 | D:11     | Gained Geork as an ally
 11246 | D:11     | Reached skill level 13 in Invocations
 11368 | D:11     | Reached ***** piety under Beogh
 11664 | D:11     | Noticed a red ugly thing
 11675 | D:11     | Killed a red ugly thing
 11675 | D:11     | Reached skill level 14 in Invocations
 12024 | D:11     | Noticed a two-headed ogre
 12043 | D:11     | Killed a two-headed ogre
 12629 | D:12     | Noticed a tengu warrior
 12647 | D:11     | Killed a tengu warrior
 12653 | D:12     | Noticed a deep elf mage
 12980 | D:12     | Reached skill level 15 in Invocations
 12992 | D:12     | Killed a deep elf mage
 13082 | D:12     | Noticed a red ugly thing
 13091 | D:12     | Killed a red ugly thing
 13640 | D:12     | Reached skill level 16 in Invocations
 13885 | D:12     | Noticed an eight-headed hydra
 13896 | D:12     | Killed an 11-headed hydra
 13898 | D:12     | Noticed a deep elf mage
 13909 | D:12     | Killed a deep elf mage
 13909 | D:12     | Reached XP level 12. HP: 20/94 MP: 16/24
 14464 | Lair:1   | Entered Level 1 of the Lair of Beasts
 14467 | Lair:1   | Noticed a four-headed hydra
 14475 | Lair:1   | Killed a seven-headed hydra
 14475 | Lair:1   | Reached skill level 17 in Invocations
 14979 | Orc:1    | Entered Level 1 of the Orcish Mines
 15488 | Orc:1    | Noticed an orc warlord
 15500 | Orc:1    | Killed an orc warlord
 16058 | Orc:2    | Entered Level 2 of the Orcish Mines
 16058 | Orc:2    | Found a staircase to the Elven Halls.
 16074 | Orc:2    | Noticed an orc high priest
 16079 | Orc:2    | Noticed Nergalle
 16080 | Orc:2    | Noticed an orc warlord
 16081 | Orc:2    | Noticed Urug
 16086 | Orc:2    | Noticed Blork the orc
 16088 | Orc:2    | Slain by an orc warrior

Illustrated notes

Levels and vault maps discovered:
D:1:      mrwooster_arrival_arrow, layout_loops_ring
D:2:      layout_rooms, nicolae_dithmenos_through_a_glass_darkly,
          overflow_temple_1_default, tso_altar, lemuel_crystal_altar,
          kennysheep_okawaru_gauntlet, minitemple, uniq_jessica
D:3:      layout_basic, lemuel_round_altar, grunt_decor_one_mirror
D:4:      layout_basic, lemuel_doored_altar,
          minmay_temple_entry_statues_fountains, kennysheep_generic_room_14
D:5:      layout_rooms, grunt_gozag_breadcrumbs, chequers_serial_rivers_micro_e,
          minmay_mini_ossuary, uniq_prince_ribbit1, uniq_eustachio
D:6:      layout_cave_pods
D:7:      minmay_polygon_palace, layout_basic, tgw_xom, serial_shops,
          nicolae_shop_behind_doors, shop, nicolae_shop_window_shopping,
          uniq_harold, uniq_maggie
D:8:      layout_loops_ring, kennysheep_generic_room_12
D:9:      layout_basic, lemuel_crystal_altar, yredelemnul_altar_generic,
          nrook_mini_vaults
D:10:     layout_rooms, lair_entry_dummy, orc_0_dummy
D:11:     layout_basic
D:12:     layout_cave_pools
Lair:1:   layout_misc_corridors, chequers_serial_rivers_micro_b,
          serial_bayou_ford_a, lemuel_fruit_fields
Orc:1:    layout_caves, mines3_lemuel
Orc:2:    grunt_orc_cross, layout_caves, basic_altar

Skill      XL: |  1  2  3  4  5  6  7  8  9 10 11 12 |
---------------+-------------------------------------+-----
Axes           | 3 4 5 6 7 8 |  8.0
Fighting       | 4 5 |  5.0
Armour         | 4 5 7 9 10 | 10.0
Shields        | 4 5 6 |  6.0
Invocations    | 2 6 12 16 17 | 17.8
Dodging        | 1 4 5 |  5.0

Action                   |  1- 3 |  4- 6 |  7- 9 | 10-12 || total
-------------------------+-------+-------+-------+-------++-------
Melee: War axe           |    11 |       |       |       ||    11
       Hand axe          |    26 |   162 |   307 |   515 ||  1010
Invok: Convert to Beogh  |       |     1 |       |       ||     1
       Smiting           |       |       |       |     5 ||     5
       Recall Orcish Fol |       |       |       |     2 ||     2
       Give Item to Name |       |       |       |     1 ||     1
Evoke: Wand              |       |       |       |     3 ||     3
  Use: Scroll            |       |     2 |     7 |    14 ||    23
       Potion            |       |     2 |     4 |     3 ||     9
 Stab: Invisible         |       |     1 |     1 |       ||     2
       Distracted        |       |       |       |     2 ||     2
Armor: Ring mail         |     7 |    43 |    25 |       ||    75
       Scale mail        |       |       |    35 |       ||    35
       Skin              |       |       |     3 |       ||     3
       Swamp dragon scal |       |       |    37 |   168 ||   205
Dodge: Dodged            |     8 |    48 |   104 |   189 ||   349
Block: Kite shield       |    15 |    79 |   154 |   288 ||   536

Table legend: (Time is in decaauts)
 A = Elapsed time spent in this place.
 B = Non-inter-level travel time spent in this place.
 C = Inter-level travel time spent in this place.
 D = Time resting spent in this place.
 E = Time spent auto-exploring this place.
 F = Levels seen in this place.
 G = Mean time per level.
                   A        B        C        D        E       F      G
               +--------+--------+--------+--------+--------+-----+--------+
         Total |  16106 |  15535 |    571 |   6318 |   6960 |  15 | 1073.7 |
       Dungeon |  14810 |  14256 |    554 |   5426 |   6693 |  12 | 1234.2 |
          Lair |    190 |    190 |      0 |    164 |      0 |   1 |  190.0 |
  Orcish Mines |   1106 |   1090 |     16 |    728 |    267 |   2 |  553.0 |
               +--------+--------+--------+--------+--------+-----+--------+

Top non-repeatable levels by time:
    D:11: 2432 daAuts
     D:7: 2142 daAuts
     D:4: 1469 daAuts
    D:12: 1362 daAuts
     D:5: 1352 daAuts
     D:9: 1137 daAuts
     D:3: 1110 daAuts
   Orc:1: 1077 daAuts
     D:6: 969 daAuts
    D:10: 816 daAuts
     D:8: 697 daAuts
     D:1: 689 daAuts
     D:2: 631 daAuts
  Lair:1: 190 daAuts
   Orc:2: 29 daAuts
